 Dungeon Crawl Stone Soup version 0.29.1-1-gd02db6906a (webtiles) character file.

Game seed: 5479537768834931351

116 Icepheonix32 the Trooper (level 4, -1/41 HPs)
             Began as a Minotaur Fighter on Oct 13, 2022.
             Slain by a gnoll
             ... wielding a +0 mace
              (7 damage)
             ... on level 3 of the Dungeon.
             The game lasted 00:02:06 (1742 turns).

Icepheonix32 the Trooper (Minotaur Fighter)         Turns: 1742, Time: 00:02:07

Health: -1/41      AC: 10    Str: 20 (21) XL:     4   Next: 69%
Magic:  3/3        EV:  9    Int:  2 (5)  God:
Gold:   79         SH:  4    Dex: 10 (11) Spells: 3/3 levels left

rFire   . . .      SeeInvis .   i - +1 trident (vorpal)
rCold   . . .      Faith    .   c - +0 buckler
rNeg    . . .      Spirit   .   b - +0 scale mail
rPois   .          Reflect  .   (helmet restricted)
rElec   .          Harm     .   (no cloak)
rCorr   .          Rampage  .   k - +2 pair of gloves
Will    .....                   (no boots)
Stlth   ..........              g - amulet of magic regeneration
HPRegen 0.13/turn               (no ring)
MPRegen 0.48/turn               (no ring)

@: no status effects
A: horns 2, retaliatory headbutt
a: no special abilities


You were on level 3 of the Dungeon.
You visited 1 branch of the dungeon, and saw 3 of its levels.

You collected 79 gold pieces.

Inventory:

Hand Weapons
 a - a +0 war axe
 i - a +1 vorpal trident (weapon)
 s - a +0 mace of protection
Armour
 b - a +0 scale mail (worn)
 c - a +0 buckler (worn)
 h - a +0 chain mail
 k - a +2 pair of gloves (worn)
Jewellery
 g - an amulet of magic regeneration (around neck)
 r - an amulet of guardian spirit
Wands
 q - a wand of roots (6)
Scrolls
 e - a scroll of vulnerability
 j - a scroll of fog {unknown}
 l - a scroll of identify
 n - 2 scrolls of torment {unknown}
Potions
 d - a potion of might
 f - a potion of invisibility


   Skills:
 * Level 4.6 Fighting
 - Level 2.8(3.2) Axes
 + Level 2.2(3.0) Polearms
 + Level 4.5 Armour
 + Level 0.5 Dodging
 + Level 0.1 Stealth
 + Level 4.1 Shields


You had 3 spell levels left.
You didn't know any spells.
Your spell library contained the following spells:

 Spells                   Type           Power      Damage    Failure   Level
 Call Canine Familiar     Summ           0%         N/A       100%        3
 Portal Projectile        Hex/Tloc       0%         N/A       100%        3
 Leda's Liquefaction      Hex/Erth       0%         N/A       100%        4


Dungeon Overview and Level Annotations

Branches:
Dungeon (3/15)

Altars:


Innate Abilities, Weirdness & Mutations

You have a pair of horns on your head.
You reflexively headbutt those who attack you in melee.


Message History

You are too injured to fight recklessly!
You are too injured to fight recklessly!
The gnoll attacks as you move away! The gnoll barely misses you.
You block the gnoll's attack. The gnoll attacks as you move away!
The gnoll hits you with a +0 mace.
* * * LOW HITPOINT WARNING * * *
The gnoll throws a throwing net.
The throwing net hits you.
You become entangled in the net!
You see here a throwing net.
You tear a large gash into the net.
The gnoll completely misses you. You furiously retaliate!
You headbutt the gnoll, but do no damage.
Unknown command.
You struggle against the net.
The gnoll hits you but does no damage. The gnoll closely misses you.
You furiously retaliate!
You headbutt the gnoll.
You rip the net and break free!
The gnoll closely misses you. x2
You furiously retaliate!
You headbutt the gnoll.
Unknown command.
The gnoll attacks as you move away! The gnoll hits you but does no damage.
You hit the gnoll.
The gnoll is moderately wounded.
The gnoll hits you but does no damage.
You closely miss the gnoll. Your headbutt misses the gnoll.
The gnoll is moderately wounded.
The gnoll hits you but does no damage. x2
It was a potion of magic.
Magic courses through your body. The gnoll hits you with a +0 club.
* * * LOW HITPOINT WARNING * * *
The gnoll hits you but does no damage.
Unknown command.
It was a potion of degeneration.
There was something very wrong with that liquid.
You feel weakened.
You feel dopey.
You feel clumsy. The gnoll hits you with a +0 mace.
* * * LOW HITPOINT WARNING * * *
The gnoll hits you but does no damage.
Unknown command.
It was a potion of cancellation.
You feel magically purged. The gnoll hits you with a +0 mace!
You die...

......[......#
.............#
.......).....#
........)....#
.......†....##
....#..)...##
#..###..#### .##
[$. #.).### ..# ##
#.)#wg@# #.#
##.###g####.# #.
#>..##.# #.
###..#.# #.
##(#.######### #.
##.....#.....## ..
##.............##
.#...............#
..................#


You could see a worm and 2 gnolls.

Vanquished Creatures
  Terence (D:3)
  An adder (D:2)
  2 gnolls (D:3)
  2 worms (D:2)
  2 dart slugs (D:2)
  An orc (D:3)
  3 endoplasms
  3 giant cockroaches
  3 hobgoblins
  2 quokkas
  8 ball pythons
  4 bats
  3 frilled lizards (D:1)
  7 goblins
  3 kobolds
  6 rats
51 creatures vanquished.

Notes
Turn   | Place    | Note
-------+----------+-------------------------------------------
     0 | D:1      | Icepheonix32 the Minotaur Fighter began the quest for the
                  | Orb.
     0 | D:1      | Reached XP level 1. HP: 19/19 MP: 0/0
   300 | D:1      | Reached XP level 2. HP: 27/27 MP: 1/1
  1022 | D:2      | Reached XP level 3. HP: 33/33 MP: 2/2
  1445 | D:2      | Reached skill level 1 in Polearms
  1632 | D:3      | Noticed Terence
  1638 | D:3      | Killed Terence
  1639 | D:3      | Reached XP level 4. HP: 29/41 MP: 3/3
  1742 | D:3      | Slain by a gnoll

Illustrated notes

Levels and vault maps discovered:
D:1:      nicolae_arrival_washed_ashore, layout_loops_corners, hex_large
D:2:      layout_loops_cross
D:3:      layout_rooms, ebering_ecumenical_altar_rust, minmay_joined_circles,
          uniq_terence, uniq_natasha

Skill      XL: |  1  2  3  4 |
---------------+-------------+-----
Fighting       | 4 |  4.6
Shields        | 4 |  4.1
Armour         | 4 |  4.5
Polearms       | 1 2 |  2.2
Axes           | |  2.8
Dodging        | |  0.5
Stealth        | |  0.1

Action                   |  1- 3 |  4- 6 || total
-------------------------+-------+-------++-------
Melee: War axe           |    32 |       ||    32
       Headbutt          |     5 |     3 ||     8
       Trident           |    43 |    20 ||    63
  Use: Potion            |     2 |     3 ||     5
       Scroll            |     1 |       ||     1
Armor: Scale mail        |    16 |     9 ||    25
Dodge: Dodged            |    33 |    12 ||    45
Block: Buckler           |    19 |     3 ||    22
